SAA
YAKIMA HOPS @ WESTWOOD SIXSHOOTERS
09/17/2028
 
TOP OF THE 1ST
Yakima Hops batting - Pitching for Westwood Sixshooters : RHP Roosevelt Guimond
Pitching: RHP Roosevelt Guimond
Batting: LHB Pedro Tapia 0-0: Swinging Strike
0-1: Called Strike
0-2: Ball
1-2: Strikes out swinging
Batting: LHB Bob Maher 0-0: Called Strike
0-1: Foul Ball, location: 2F
0-2: Strikes out looking
Batting: RHB Javier Carretero 0-0: Called Strike
0-1: Swinging Strike
0-2: Ball
1-2: Strikes out swinging
Top of the 1st over - 0 run(s), 0 hit(s), 0 error(s), 0 left on base; Yakima 0 - Westwood 0
BOTTOM OF THE 1ST
Westwood Sixshooters batting - Pitching for Yakima Hops : RHP Brian Walker
Pitching: RHP Brian Walker
Batting: LHB António Quintero 0-0: Ground out 4-3 (Groundball, 4)
Batting: LHB Juan Romero 0-0: Ball
1-0: Foul Ball, location: 2F
1-1: Ball
2-1: Foul Ball, location: 2F
2-2: Strikes out swinging
Batting: RHB Steve Bock 0-0: Called Strike
0-1: Foul Ball, location: 2F
0-2: Strikes out swinging
Bottom of the 1st over - 0 run(s), 0 hit(s), 0 error(s), 0 left on base; Yakima 0 - Westwood 0
TOP OF THE 2ND
Yakima Hops batting - Pitching for Westwood Sixshooters : RHP Roosevelt Guimond
Batting: RHB Colin O'Connell 0-0: Called Strike
0-1: Ball
1-1: Called Strike
1-2: SINGLE (Groundball, 34D)
Batting: SHB José Ángel 0-0: Called Strike
0-1: SINGLE (Groundball, 34) (infield hit)
Colin O'Connell to second
Batting: SHB Marlon Webster 0-0: Swinging Strike
0-1: Ball
1-1: SINGLE (Groundball, 4D)
Colin O'Connell to third
José Ángel to second
Runner from 3rd tries for Home, SAFE, throw made home
José Ángel to third
Marlon Webster to second
Batting: RHB Xavier Gama 0-0: SINGLE (Flyball, 56D)
José Ángel scores
Marlon Webster to third
Batting: SHB Adam Staats 0-0: Called Strike
0-1: Called Strike
0-2: Foul Ball, location: 2F
0-2: Ball
1-2: Ball
2-2: Fly out, F9 (Flyball, 9S)
Batting: RHB Jud Regan 0-0: Called Strike
0-1: Ball
1-1: Ball
2-1: Foul Ball, location: 2F
2-2: Strikes out swinging
Batting: LHB Pedro Tapia 0-0: Called Strike
0-1: SINGLE (Groundball, 34) (infield hit)
Marlon Webster scores
Xavier Gama to second
Batting: LHB Bob Maher 0-0: Swinging Strike
0-1: Ball
1-1: Swinging Strike
Passed Ball!
Xavier Gama to third
Pedro Tapia to second
1-2: Ball
2-2: Fly out, F5 (Flyball, 5D)
Top of the 2nd over - 3 run(s), 5 hit(s), 0 error(s), 2 left on base; Yakima 3 - Westwood 0
BOTTOM OF THE 2ND
Westwood Sixshooters batting - Pitching for Yakima Hops : RHP Brian Walker
Batting: LHB Mitchell Cusimano 0-0: Ground out 4-3 (Groundball, 4)
Batting: LHB Lorenzo Díaz 0-0: Foul Ball, location: 2F
0-1: Ball
1-1: Ball
2-1: Ball
3-1: Base on Balls
Batting: RHB Alonso Zamora 0-0: Ball
1-0: Fly out, F8 (Flyball, 8RD)
Batting: LHB Phil Minor 0-0: Called Strike
0-1: Swinging Strike
0-2: Ball
1-2: Ball
2-2: Foul Ball, location: 2F
2-2: Ball
3-2: Strikes out swinging
Bottom of the 2nd over - 0 run(s), 0 hit(s), 0 error(s), 1 left on base; Yakima 3 - Westwood 0
TOP OF THE 3RD
Yakima Hops batting - Pitching for Westwood Sixshooters : RHP Roosevelt Guimond
Batting: RHB Javier Carretero 0-0: Foul Ball, location: 2F
0-1: Ball
1-1: Ground out 5-3 (Groundball, 25)
Batting: RHB Colin O'Connell 0-0: Ball
1-0: Ground out 6-3 (Groundball, 6)
Batting: SHB José Ángel 0-0: Ball
1-0: Foul Ball, location: 2F
1-1: Ball
2-1: Fly out, F7 (Flyball, 78M)
Top of the 3rd over - 0 run(s), 0 hit(s), 0 error(s), 0 left on base; Yakima 3 - Westwood 0
BOTTOM OF THE 3RD
Westwood Sixshooters batting - Pitching for Yakima Hops : RHP Brian Walker
Batting: RHB Alberto Lastaneda 0-0: Called Strike
0-1: Swinging Strike
0-2: Ball
1-2: Strikes out swinging
Batting: RHB Edgar González 0-0: Foul Ball, location: 2F
0-1: Ball
1-1: Ball
2-1: Ball
3-1: Foul Ball, location: 2F
3-2: Base on Balls
Batting: LHB António Quintero 0-0: Ball
1-0: Ball
2-0: Ball
3-0: Called Strike
3-1: Fly out, F8 (Flyball, 8RM)
Batting: LHB Juan Romero 0-0: Swinging Strike
0-1: Ball
1-1: Fly out, F9 (Flyball, 9)
Bottom of the 3rd over - 0 run(s), 0 hit(s), 0 error(s), 1 left on base; Yakima 3 - Westwood 0
TOP OF THE 4TH
Yakima Hops batting - Pitching for Westwood Sixshooters : RHP Roosevelt Guimond
Batting: SHB Marlon Webster 0-0: Swinging Strike
0-1: Ground out 4-3 (Groundball, 4)
Batting: RHB Xavier Gama 0-0: Ball
1-0: Foul Ball, location: 2F
1-1: Swinging Strike
1-2: Ball
2-2: Foul Ball, location: 2F
2-2: Ball
3-2: Base on Balls
Batting: SHB Adam Staats 0-0: Ball
1-0: Fielders Choice at 2nd, 5-4 (Groundball, 56)
Batting: RHB Jud Regan 0-0: Ball
1-0: Ball
2-0: Foul Ball, location: 2F
2-1: Foul Ball, location: 2F
2-2: Foul Ball, location: 2F
2-2: Fielders Choice at 2nd, U6 (Groundball, 6M)
Top of the 4th over - 0 run(s), 0 hit(s), 0 error(s), 1 left on base; Yakima 3 - Westwood 0
BOTTOM OF THE 4TH
Westwood Sixshooters batting - Pitching for Yakima Hops : RHP Brian Walker
Batting: RHB Steve Bock 0-0: Ball
1-0: Ball
2-0: Foul Ball, location: 2F
2-1: Fly out, F9 (Flyball, 9LMF)
Batting: LHB Mitchell Cusimano 0-0: Foul Ball, location: 2F
0-1: Foul Ball, location: 2F
0-2: Ball
1-2: SINGLE (Groundball, 56S) (infield hit)
Batting: LHB Lorenzo Díaz 0-0: Ground out 5-3 (Groundball, 56S)
Mitchell Cusimano to second
Batting: RHB Alonso Zamora 0-0: Ball
1-0: Ball
2-0: SINGLE (Line Drive, 56D)
Mitchell Cusimano to third
Runner from 3rd tries for Home, SAFE, no throw
Batting: LHB Phil Minor 0-0: Ball
1-0: Fly out, F7 (Flyball, 78D)
Bottom of the 4th over - 1 run(s), 2 hit(s), 0 error(s), 1 left on base; Yakima 3 - Westwood 1
TOP OF THE 5TH
Yakima Hops batting - Pitching for Westwood Sixshooters : RHP Roosevelt Guimond
Batting: LHB Pedro Tapia 0-0: Ball
1-0: Ball
2-0: SINGLE (Groundball, 6MD)
Batting: LHB Bob Maher 0-0: Sac Bunt - play at first, batter OUT! 2-3
Pedro Tapia to second
Batting: RHB Javier Carretero 0-0: Ball
1-0: Called Strike
1-1: Ball
2-1: Foul Ball, location: 2F
2-2: Fly out, F9 (Line Drive, 9D)
Runner from 2nd tags up, SAFE at 3rd, no throw
Batting: RHB Colin O'Connell 0-0: Intentional Walk
Batting: SHB José Ángel 0-0: Ball
1-0: Called Strike
1-1: Swinging Strike
1-2: Ball
2-2: SINGLE (Line Drive, 9S)
Pedro Tapia scores
Colin O'Connell to second
Pitching: RHP Esteban García
Batting: SHB Marlon Webster 0-0: Called Strike
0-1: Fly out, F8 (Flyball, 8RM)
Top of the 5th over - 1 run(s), 2 hit(s), 0 error(s), 2 left on base; Yakima 4 - Westwood 1
BOTTOM OF THE 5TH
Westwood Sixshooters batting - Pitching for Yakima Hops : RHP Brian Walker
Batting: RHB Alberto Lastaneda 0-0: Ball
1-0: Called Strike
1-1: Ball
2-1: Foul Ball, location: 2F
2-2: Ball
3-2: Foul Ball, location: 2F
3-2: Ground out U3 (Groundball, 3)
Batting: RHB Edgar González 0-0: Ball
1-0: Ball
2-0: Called Strike
2-1: Foul Ball, location: 2F
2-2: Foul Ball, location: 2F
2-2: Ball
3-2: Strikes out swinging
Batting: LHB António Quintero 0-0: Ground out 6-3 (Groundball, 6M)
Bottom of the 5th over - 0 run(s), 0 hit(s), 0 error(s), 0 left on base; Yakima 4 - Westwood 1
TOP OF THE 6TH
Yakima Hops batting - Pitching for Westwood Sixshooters : RHP Esteban García
Batting: RHB Xavier Gama 0-0: Ball
1-0: Called Strike
1-1: Foul Ball, location: 2F
1-2: Ball
2-2: Ball
3-2: Fly out, F7 (Flyball, 7S)
Batting: SHB Adam Staats 0-0: Called Strike
0-1: Fly out, F7 (Flyball, 7LMF)
Batting: RHB Jud Regan 0-0: Called Strike
0-1: Called Strike
0-2: Foul Ball, location: 2F
0-2: Strikes out swinging
Top of the 6th over - 0 run(s), 0 hit(s), 0 error(s), 0 left on base; Yakima 4 - Westwood 1
BOTTOM OF THE 6TH
Westwood Sixshooters batting - Pitching for Yakima Hops : RHP Brian Walker
Batting: LHB Juan Romero 0-0: Fly out, F9 (Flyball, 89M)
Batting: RHB Steve Bock 0-0: Called Strike
0-1: Ball
1-1: TRIPLE (Flyball, 8LD)
Batting: LHB Mitchell Cusimano 0-0: Called Strike
0-1: Ball
1-1: Foul Ball, location: 2F
1-2: Foul Ball, location: 2F
1-2: Ball
2-2: Foul Ball, location: 2F
2-2: Ball
3-2: Base on Balls
Batting: LHB Lorenzo Díaz 0-0: Foul Ball, location: 2F
0-1: Ball
1-1: Ball
2-1: Foul Ball, location: 2F
2-2: Foul Ball, location: 2F
2-2: Fly out, F8 (Flyball, 78D)
Runner from 3rd tags up, SCORES, no throw
Batting: RHB Alonso Zamora 0-0: Foul Ball, location: 2F
0-1: Ball
1-1: Ball
2-1: Ball
3-1: Foul Ball, location: 2F
3-2: Reached on error, E4 (Groundball, 4MS)
Mitchell Cusimano to third
Pitching: RHP Chris Lynskey
Batting: LHB Phil Minor 0-0: SINGLE (Line Drive, 5D)
Mitchell Cusimano scores
Alonso Zamora to third
Batting: RHB Alberto Lastaneda 0-0: Ball
1-0: Swinging Strike
1-1: Ball
2-1: Foul Ball, location: 2F
2-2: Ball
3-2: Strikes out swinging
Bottom of the 6th over - 2 run(s), 2 hit(s), 1 error(s), 2 left on base; Yakima 4 - Westwood 3
TOP OF THE 7TH
Yakima Hops batting - Pitching for Westwood Sixshooters : RHP Esteban García
Batting: LHB Pedro Tapia 0-0: Ball
1-0: Fly out, F7 (Line Drive, 7S)
Batting: LHB Bob Maher 0-0: Ball
1-0: Foul Ball, location: 2F
1-1: SINGLE (Line Drive, 6)
Batting: RHB Javier Carretero 0-0: Fly out, F8 (Flyball, 8LM)
Batting: RHB Colin O'Connell 0-0: Fly out, F8 (Flyball, 8LM)
Top of the 7th over - 0 run(s), 1 hit(s), 0 error(s), 1 left on base; Yakima 4 - Westwood 3
BOTTOM OF THE 7TH
Westwood Sixshooters batting - Pitching for Yakima Hops : RHP Chris Lynskey
Batting: RHB Edgar González 0-0: Swinging Strike
0-1: Foul Ball, location: 2F
0-2: Strikes out swinging
Batting: LHB António Quintero 0-0: Foul Ball, location: 2F
0-1: Ball
1-1: Ball
2-1: Called Strike
2-2: Ground out U3 (Groundball, 3)
Batting: LHB Juan Romero 0-0: Foul Ball, location: 2F
0-1: Ball
1-1: Foul Ball, location: 2F
1-2: Ball
2-2: Foul Ball, location: 2F
2-2: Fly out, F8 (Flyball, 89M)
Bottom of the 7th over - 0 run(s), 0 hit(s), 0 error(s), 0 left on base; Yakima 4 - Westwood 3
TOP OF THE 8TH
Yakima Hops batting - Pitching for Westwood Sixshooters : RHP Esteban García
Batting: SHB José Ángel 0-0: Fly out, F7 (Flyball, 7S)
Batting: SHB Marlon Webster 0-0: Ball
1-0: Ball
2-0: Ball
3-0: Foul Ball, location: 2F
3-1: Base on Balls
Pinch Hitting: LHB Jean Tannen 0-0: Ball
1-0: Swinging Strike
1-1: Fly out, F6 (Line Drive, 6)
Pinch Hitting: RHB Thom Reppond 0-0: Swinging Strike
0-1: Ball
1-1: Called Strike
1-2: Ball
2-2: Foul Ball, location: 2F
2-2: Ball
3-2: Foul Ball, location: 2F
3-2: Base on Balls
Marlon Webster to second
Batting: RHB Jud Regan 0-0: Foul Ball, location: 2F
0-1: Fielders Choice at 2nd, 6-4 (Groundball, 6)
Top of the 8th over - 0 run(s), 0 hit(s), 0 error(s), 1 left on base; Yakima 4 - Westwood 3
BOTTOM OF THE 8TH
Westwood Sixshooters batting - Pitching for Yakima Hops : RHP Chris Lynskey
Pitching: RHP Pieter Spitsbaard
Now at 2B: Mario Salazar
Now in RF: Thom Reppond
Batting: RHB Steve Bock 0-0: Ball
1-0: Ball
2-0: Ball
3-0: Swinging Strike
3-1: Base on Balls
Pinch Runner at 1st Manny Flores:
Batting: LHB Mitchell Cusimano 0-0: Ball
1-0: Ball
2-0: Ground out 4-3 (Groundball, 34)
Manny Flores to second
Batting: LHB Lorenzo Díaz 0-0: Ball
1-0: Ball
2-0: Called Strike
2-1: SINGLE (Line Drive, 6)
Manny Flores to third
Runner from 3rd tries for Home, SAFE, no throw
Pinch Hitting: LHB José Martínez 0-0: Called Strike
0-1: Called Strike
0-2: Strikes out swinging
Batting: LHB Phil Minor 0-0: Ball
1-0: Ball
2-0: Called Strike
2-1: Fly out, F4 (Popup, 4MS)
Bottom of the 8th over - 1 run(s), 1 hit(s), 0 error(s), 1 left on base; Yakima 4 - Westwood 4
TOP OF THE 9TH
Yakima Hops batting - Pitching for Westwood Sixshooters : RHP Esteban García
Pitching: LHP Christian Clayton
Now at 1B: Jesús Rodríguez
Now at SS: Carlos Cruz
Batting: LHB Pedro Tapia 0-0: Called Strike
0-1: Ball
1-1: SINGLE (Groundball, 56) (infield hit)
Pinch Hitting: RHB Luis Rodríguez 0-0: Called Strike
0-1: Bunted foul
0-2: Ball
1-2: Fly out, F8 (Flyball, 8LS)
Batting: RHB Javier Carretero 0-0: Ball
1-0: Foul Ball, location: 2F
1-1: Ball
2-1: Fly out, F4 (Popup, 4S)
Batting: RHB Colin O'Connell 0-0: Called Strike
0-1: Ball
1-1: Ball
2-1: Ball
Wild Pitch!
Pedro Tapia to second
3-1: Intentional Walk
Batting: SHB José Ángel 0-0: Ball
1-0: Ball
2-0: Called Strike
2-1: Ball
3-1: Base on Balls
Pedro Tapia to third
Colin O'Connell to second
Batting: SHB Marlon Webster 0-0: Ball
1-0: Ball
2-0: SINGLE (Flyball, 8RS)
Pedro Tapia scores
Colin O'Connell to third
José Ángel to second
Runner from 3rd tries for Home, SAFE, throw made at trailing runner, SAFE at third!
Batting: RHB Mario Salazar 0-0: Called Strike
0-1: Ball
1-1: Ball
2-1: Ground out U3 (Groundball, 3L)
Top of the 9th over - 2 run(s), 2 hit(s), 0 error(s), 2 left on base; Yakima 6 - Westwood 4
BOTTOM OF THE 9TH
Westwood Sixshooters batting - Pitching for Yakima Hops : RHP Pieter Spitsbaard
Pitching: RHP Jack Thornton
Now at SS: Luis Rodríguez
Batting: RHB Alberto Lastaneda 0-0: Foul Ball, location: 2F
0-1: Swinging Strike
0-2: Fly out, F5 (Popup, 5S)
Batting: RHB Edgar González 0-0: Foul Ball, location: 2F
0-1: Ball
1-1: Ball
2-1: Fly out, F9 (Flyball, 9S)
Batting: LHB António Quintero 0-0: Fly out, F6 (Line Drive, 6)
Bottom of the 9th over - 0 run(s), 0 hit(s), 0 error(s), 0 left on base; Yakima 6 - Westwood 4
Wednesday, September 6th, 2017 - OOTP Baseball 17.12 Build 75